 Dungeon Crawl Stone Soup version 0.28-a0-779-g3d1f99b579 (webtiles) character file.

Game seed: 7869433115561782642

89891 rogsnak the Thaumaturge (level 15, -1/117 HPs)
             Began as a Gnoll Hedge Wizard on Nov 2, 2021.
             Was a High Priest of Sif Muna.
             Slain by a molten gargoyle (13 damage)
             ... in the Desolation of Salt.
             The game lasted 01:53:02 (36700 turns).

rogsnak the Thaumaturge (Gnoll Hedge Wizard)       Turns: 36700, Time: 01:53:03

Health: -1/117     AC: 13    Str:  9    XL:     15   Next: 98%
Magic:  35/40      EV: 18    Int: 19    God:    Sif Muna [*****.]
Gold:   3655       SH: 14    Dex: 19    Spells: 4/39 levels left

rFire   + . .      SeeInvis .   r - +4 eveningstar (flame)
rCold   + . .      Faith    .   a - +2 kite shield
rNeg    . . .      Spirit   .   D - +0 troll leather armour
rPois   +          Reflect  .   c - +2 hat
rElec   .          Harm     .   z - scarf {rC+ rF+}
rCorr   .          Rampage  .   F - +1 pair of gloves
Will    ++...      Clarity  +   I - +1 pair of boots
Stlth   +++++.....              d - amulet "Geyjofin" {RegenMP rPois Regen+}
HPRegen 2.29/turn               q - ring of wizardry
MPRegen 0.52/turn               N - ring "Oforent" {MP+9 Dex+4}

@: no status effects
A: fangs 1, strong nose, distributed training, agile 1, clarity, strong-willed
1, shaggy fur 1
a: Renounce Religion, Channel Magic, Forget Spell, Divine Exegesis


You were in the Desolation of Salt.
You worshipped Sif Muna.
Sif Muna was extremely pleased with you.
You visited 5 branches of the dungeon, and saw 24 of its levels.
You also visited: Bailey, Gauntlet and Desolation.

You collected 3655 gold pieces.

Inventory:

Hand Weapons
 b - the +7 bardiche of Gyloe {drain, Drain Str+3 Int+4}
   (You found it in a bailey)

   A truly terrible weapon, it drains the life of any living foe it strikes.
   Str:       It affects your strength (+3).
   Int:       It affects your intelligence (+4).
   Drain:     It drains your maximum health when unequipped.
 p - a +2 bardiche of venom
 r - a +4 eveningstar of flaming (weapon)
 w - a +2 vorpal arbalest
 L - the +4 hand axe of the Madman {holy, *Noise rPois rCorr}
   (You found it on level 13 of the Dungeon)

   It has been blessed by the Shining One to cause great damage to the undead
   and demons.
   rPois:     It protects you from poison.
   *Noise:    It may make noises in combat.
   rCorr:     It protects you from acid and corrosion.
 U - a +2 dagger of electrocution
Missiles
 e - 3 boomerangs of dispersal
 l - 93 poisoned darts
 m - 230 bolts
 C - 5 atropa-tipped darts
Armour
 a - a +2 kite shield (worn)
 c - a +2 hat (worn)
 z - a scarf of resistance (worn)
 D - a +0 troll leather armour (worn)
 E - the +6 chain mail "Ogazeum" {rN+ SInv}
   (You found it on level 8 of the Dungeon)

   rN:        It protects you from negative energy.
   SInv:      It lets you see invisible.
 F - a +1 pair of gloves (worn)
 G - a +1 cloak of preservation
 I - a +1 pair of boots (worn)
 Z - a scarf of invisibility
Jewellery
 d - the amulet "Geyjofin" (around neck) {RegenMP rPois Regen+}
   (You found it in the Desolation of Salt)

   [amulet of magic regeneration]

   It increases your rate of magic regeneration.
   rPois:     It protects you from poison.
   Regen:     It increases your rate of health regeneration.
 q - a ring of wizardry (left hand)
 y - a ring of see invisible
 N - the ring "Oforent" (right hand) {MP+9 Dex+4}
   (You acquired it on level 12 of the Dungeon)

   [ring of magical power]

   Dex:       It affects your dexterity (+4).
   MP:        It affects your magic capacity (+9).
Wands
 f - a wand of paralysis (20)
 h - a wand of flame (26)
 v - a wand of digging (5)
 A - a wand of polymorph (15)
 O - a wand of acid (2)
Scrolls
 j - 2 scrolls of fear
 B - 4 scrolls of blinking
 K - 6 scrolls of immolation
 W - a scroll of holy word
Potions
 g - 7 potions of curing
 i - 3 potions of flight
 k - 2 potions of brilliance
 o - 4 potions of heal wounds
 s - 10 potions of ambrosia
 x - 2 potions of magic
 M - 2 potions of resistance
 R - 3 potions of haste
 T - a potion of invisibility
Miscellaneous
 S - a phantom mirror
 Y - a lightning rod (4/4)


   Skills:
 + Level 10.5 Fighting
 + Level 10.5 Short Blades
 + Level 10.5 Long Blades
 + Level 10.5 Axes
 + Level 10.5 Maces & Flails
 + Level 10.5 Polearms
 + Level 10.5 Staves
 + Level 10.5 Slings
 + Level 10.5 Bows
 + Level 10.5 Crossbows
 + Level 10.5 Throwing
 + Level 10.5 Armour
 + Level 11.4 Dodging
 + Level 11.3 Stealth
 + Level 10.5 Shields
 + Level 10.5 Unarmed Combat
 + Level 12.6 Spellcasting
 + Level 9.1 Conjurations
 + Level 8.8 Hexes
 + Level 9.1 Summonings
 + Level 8.8 Necromancy
 + Level 9.1 Translocations
 + Level 8.8 Transmutations
 + Level 8.8 Fire Magic
 + Level 8.8 Ice Magic
 + Level 8.8 Air Magic
 + Level 8.8 Earth Magic
 + Level 8.8 Poison Magic
 + Level 11.4 Invocations
 + Level 10.5 Evocations


You had 4 spell levels left.
You knew the following spells:

 Your Spells              Type           Power      Damage    Failure   Level
a - Magic Dart            Conj           100%       1d8       1%          1
b - Blink                 Tloc           92%        N/A       1%          2
c - Mephitic Cloud        Conj/Pois/Air  46%        N/A       1%          3
d - Airstrike             Air            22%        N/A       1%          4
e - Cause Fear            Hex            22%        N/A       1%          4
f - Lightning Bolt        Conj/Air       23%        1d38      3%          5
g - Iskenderun's Battles  Conj           46%        2d10      3%          5
h - Iron Shot             Conj/Erth      23%        9d5       19%         6
i - Borgnjor's Vile Clut  Necr/Erth      22%        N/A       4%          5

Your spell library contained the following spells:

 Spells                   Type           Power      Damage    Failure   Level
 Animate Skeleton         Necr           90%        N/A       1%          1
 Freeze                   Ice            100%       1d11      1%          1
 Slow                     Hex            100%       N/A       1%          1
 Call Imp                 Summ           46%        N/A       1%          2
 Ensorcelled Hibernation  Hex/Ice        90%        N/A       1%          2
 Passwall                 Tmut/Erth      37%        N/A       1%          2
 Call Canine Familiar     Summ           46%        N/A       1%          3
 Confusing Touch          Hex            45%        N/A       1%          3
 Conjure Flame            Conj/Fire      46%        6-21      1%          3
 Frozen Ramparts          Ice            90%        1d11      1%          3
 Inner Flame              Hex/Fire       45%        N/A       1%          3
 Ozocubu's Armour         Ice            45%        N/A       1%          3
 Portal Projectile        Hex/Tloc       92%        N/A       1%          3
 Spider Form              Tmut/Pois      45%        N/A       1%          3
 Tukima's Dance           Hex            45%        N/A       1%          3
 Vampiric Draining        Necr           45%        2d9       1%          3
 Animate Armour           Summ/Erth      92%        N/A       1%          4
 Flame Wave               Conj/Fire      46%        3d9       1%          4
 Hailstorm                Conj/Ice       46%        3d11      1%          4
 Iskenderun's Mystic Bla  Conj/Tloc      46%        2d10      1%          4
 Olgreb's Toxic Radiance  Pois           45%        N/A       1%          4
 Passage of Golubria      Tloc           46%        N/A       1%          4
 Sticky Flame             Conj/Fire      46%        2d6       1%          4
 Summon Lightning Spire   Summ/Air       46%        N/A       1%          4
 Fireball                 Conj/Fire      23%        3d11      3%          5
 Summon Mana Viper        Hex/Summ       46%        N/A       3%          5
 Blade Hands              Tmut           22%        N/A       4%          5
 Excruciating Wounds      Necr           22%        N/A       4%          5
 Metabolic Englaciation   Hex/Ice        22%        N/A       4%          5
 Silence                  Hex/Air        22%        N/A       4%          5
 Yara's Violent Unravell  Hex/Tmut       22%        3d10      4%          5
 Starburst                Conj/Fire      23%        6d8       19%         6
 Simulacrum               Ice/Necr       22%        N/A       21%         6
 Statue Form              Tmut/Erth      30%        N/A       21%         6
 Spellforged Servitor     Conj/Summ      23%        N/A       67%         7
 Summon Hydra             Summ           23%        N/A       67%         7
 Dragon Form              Tmut           22%        N/A       71%         7
 Ozocubu's Refrigeration  Ice            22%        4d9       71%         7
 Storm Form               Tmut/Air       22%        N/A       71%         7
 Discord                  Hex            22%        N/A       100%        8
 Ignition                 Fire           22%        3d8       100%        8
 Necromutation            Tmut/Necr      22%        N/A       100%        8
 Dragon's Call            Summ           23%        N/A       100%        9
 Shatter                  Erth           22%        3d20*     100%        9


Dungeon Overview and Level Annotations

Branches:
Dungeon (14/15)            Temple (1/1) D:6            Lair (6/6) D:10
  Swamp (0/4) Lair:2        Snake (0/4) Lair:2        Slime (0/5) Lair:6
    Orc (2/2) D:11            Elf (1/3) Orc:2        Bailey (visited)
Desolation (1/1)          Gauntlet (visited)
 Vaults: D:13-14

Altars:
Ashenzari
Cheibriados
Dithmenos
Elyvilon
Fedhas
Gozag
Hepliaklqana
Kikubaaqudgha
Makhleb
Nemelex Xobeh
Okawaru
Qazlal
Ru
Sif Muna
Trog
Uskayaw
Vehumet
Wu Jian
Xom
Yredelemnul
Zin
The Shining One
Jiyva

Shops:
D:10 *   D:11 !?*   Orc:2 (*:*

Annotations:
Lair:3 Nieclary's ghost, journeyman TrTm
Orc:1 2 transporters, Oruetys's ghost, journeyman FoFi
Orc:2 3 runed translucent doors, CurlyBrace's ghost, journeyman FeEn


Innate Abilities, Weirdness & Mutations

You have very sharp teeth.
Your uncanny sense of smell can sniff out nearby items.
Your experience applies equally to all skills.
You are agile. (Dex +2)
You possess an exceptional clarity of mind.
You are strong-willed. (Will+)
You are covered in fur. (AC +1)


Message History

The servant of whispers hits you but does no damage.
You closely miss the guardian serpent. The saltling misses you.
You block the guardian serpent's attack.
The saltling completely misses you. You block the saltling's attack.
The saltling misses you. The saltling barely misses you.
You block the saltling's attack. The molten gargoyle misses you.
The servant of whispers hits you from afar with a +0 spear!
Unknown command.
You closely miss the guardian serpent.
You bite the guardian serpent, but do no damage.
You block the guardian serpent's attack.
You block the saltling's attack. The saltling closely misses you.
The saltling barely misses you. x2; The saltling completely misses you.
You block the saltling's attack. The guardian serpent hits you!
The saltling misses you. The molten gargoyle closely misses you.
The saltling hits you.
The servant of whispers barely misses you.
Unknown command.
You miss the guardian serpent. You block the saltling's attack.
The saltling barely misses you. The saltling hits you!
You block the saltling's attack.
The guardian serpent hits you but does no damage.
The saltling hits you!
* * * LOW HITPOINT WARNING * * *
The saltling hits you!
* * * LOW HITPOINT WARNING * * *
You block the molten gargoyle's attack. The servant of whispers misses you.
You sock the guardian serpent! You burn the guardian serpent.
You bite the guardian serpent, but do no damage.
The guardian serpent is moderately wounded.
You block the guardian serpent's attack.
The saltling misses you.
The saltling hits you but does no damage.
The saltling hits you.
* * * LOW HITPOINT WARNING * * *
The saltling misses you. You block the saltling's attack. x2
The guardian serpent hits you but does no damage.
The saltling hits you but does no damage.
The molten gargoyle hits you with a +0 flail!
You die...

..9...................#
......................##
......................##
#. ...................##
...a..................##
......................##
................9.....##
...............999....##
..9............9@9....##
...............9S9....##
..#............a9.....##
......L...............##
.......###....###.....##
.....9.#[.......#.....##
.......#:..##...#.....##
.......#..... ..#.....##
..#....#..... .#.....##


You could see a servant of whispers (stilling wind), a guardian serpent, 2
molten gargoyles and 7 saltlings.

Vanquished Creatures
  Rupert (Lair:5)
  An imperial myrmidon (Desolation)
  A dire elephant (Lair:4)
  A minotaur (Gauntlet)
  A ragged hierophant (Desolation)
  5 peacekeepers
  6 hydras
  A centaur warrior (D:13)
  A catoblepas (Lair:5)
  3 two-headed ogres
  An orc high priest (Orc:1)
  Urug (Lair:5)
  Nergalle (D:11)
  A sixfirhy (Gauntlet)
  A necromancer (Gauntlet)
  A deep elf pyromancer (D:13)
  A wolf spider (D:14)
  2 orc knights (Orc:2)
  2 oklob plants (D:10)
  2 ugly things
  2 manticores
  4 orc sorcerers (Orc:2)
  A cyclops (D:14)
  35 elephants
  A moth of wrath (Lair:3)
  9 cane toads
  10 black mambas
  A torpor snail (Lair:6)
  3 gargoyles
  A kobold demonologist (D:11)
  An unseen horror (D:12)
  Psyche (D:12)
  11 komodo dragons
  2 rime drakes (Lair:2)
  5 trolls
  A queen bee (D:9)
  7 polar bears
  10 saltlings (Desolation)
  6 hornets (Lair:6)
  21 dream sheep
  21 blink frogs
  Sigmund (D:4)
  A ynoxinul (Gauntlet)
  4 wyverns
  12 spriggans
  A shadow (D:9)
  66 yaks
  3 basilisks
  3 wraiths
  4 vampire mosquitoes (D:11)
  A steam dragon (D:8)
  A warg (Orc:2)
  3 nagas (Lair:2)
  Menkaure (D:6)
  Edmund (D:6)
  2 acid dragons
  15 water moccasins
  24 orc warriors
  3 ice beasts
  3 black bears (Lair:6)
  A sky beast (D:7)
  An ogre (Orc:1)
  7 necrophages
  41 wolves
  4 boggarts (Lair:6)
  23 centaurs
  2 phantoms
  Blork the orc (D:6)
  A gnoll sergeant (D:12)
  15 bullfrogs
  3 scorpions
  2 water moccasin zombies (D:6)
  21 killer bees
  A water moccasin skeleton (D:6)
  10 wights
  2 centaur zombies
  4 bullfrog zombies
  A human zombie (D:6)
  2 hounds
  16 orc priests
  Crazy Yiuf (D:6)
  3 jellies
  2 bullfrog skeletons (D:6)
  A centaur skeleton (D:6)
  2 iguanas
  3 iron imps (Gauntlet)
  A gnoll shaman (D:7)
  26 orc wizards
  6 hell rats (Lair:3)
  2 killer bee zombies
  2 mummies (D:6)
  2 howler monkey zombies (D:9)
  A hound skeleton (D:4)
  3 howler monkey skeletons
  7 gnolls
  5 adders
  5 shadow imps
  3 white imps
  4 ufetubi (Gauntlet)
  2 worms (D:2)
  3 dart slugs
  53 orcs
  8 endoplasms
  6 giant cockroaches
  4 goblins
  4 hobgoblins
  5 jackals
  5 quokkas
  14 ball pythons
  7 bats
  6 frilled lizards
  7 kobolds
  6 rats
703 creatures vanquished.

Vanquished Creatures (collateral kills)
  A spriggan (Lair:6)
  7 killer bees (D:9)
8 creatures vanquished.

Vanquished Creatures (others)
  A killer bee (D:9)
  5 bushes
  5 demonic plants (Gauntlet)
  47 fungi
  2 pillars of salt (Desolation)
  129 plants
  A withered plant (Desolation)
190 creatures vanquished.

Grand Total: 901 creatures vanquished

Notes
Turn   | Place    | Note
-------+----------+-------------------------------------------
     0 | D:1      | rogsnak the Gnoll Hedge Wizard began the quest for the Orb.
     0 | D:1      | Reached XP level 1. HP: 13/13 MP: 8/8
   250 | D:1      | Reached XP level 2. HP: 19/19 MP: 2/10
  1013 | D:1      | Reached XP level 3. HP: 25/25 MP: 9/11
  1016 | D:1      | Learned a level 2 spell: Blink
  1020 | D:1      | Learned a level 3 spell: Mephitic Cloud
  1663 | D:2      | Reached skill level 1 in Invocations
  2046 | D:2      | Found a faded altar of an unknown god.
  2137 | D:2      | Reached skill level 1 in Fighting
  2137 | D:2      | Reached skill level 1 in Short Blades
  2137 | D:2      | Reached skill level 1 in Long Blades
  2137 | D:2      | Reached skill level 1 in Axes
  2137 | D:2      | Reached skill level 1 in Maces & Flails
  2137 | D:2      | Reached skill level 1 in Polearms
  2137 | D:2      | Reached skill level 1 in Staves
  2137 | D:2      | Reached skill level 1 in Slings
  2137 | D:2      | Reached skill level 1 in Bows
  2137 | D:2      | Reached skill level 1 in Crossbows
  2137 | D:2      | Reached skill level 1 in Throwing
  2137 | D:2      | Reached skill level 1 in Armour
  2137 | D:2      | Reached skill level 1 in Shields
  2137 | D:2      | Reached skill level 1 in Unarmed Combat
  2137 | D:2      | Reached skill level 1 in Evocations
  2309 | D:2      | Reached XP level 4. HP: 32/32 MP: 10/13
  2947 | D:2      | Found an ornate altar of the Wu Jian Council.
  2951 | D:2      | Reached skill level 1 in Hexes
  2951 | D:2      | Reached skill level 1 in Necromancy
  2951 | D:2      | Reached skill level 1 in Transmutations
  2951 | D:2      | Reached skill level 1 in Fire Magic
  2951 | D:2      | Reached skill level 1 in Ice Magic
  2951 | D:2      | Reached skill level 1 in Air Magic
  2951 | D:2      | Reached skill level 1 in Earth Magic
  2951 | D:2      | Reached skill level 1 in Poison Magic
  3440 | D:3      | Found a blossoming altar of Fedhas.
  3827 | D:3      | Reached XP level 5. HP: 36/37 MP: 8/14
  4478 | D:4      | Noticed a water moccasin
  4497 | D:4      | Killed a water moccasin
  4498 | D:4      | Reached XP level 6. HP: 18/44 MP: 13/16
  4812 | D:4      | Reached skill level 5 in Dodging
  5075 | D:4      | Noticed Sigmund
  5132 | D:4      | Killed Sigmund
  5133 | D:4      | Reached XP level 7. HP: 50/50 MP: 2/18
  5685 | D:5      | Entered Level 5 of the Dungeon
  5816 | D:5      | Reached skill level 5 in Stealth
  6080 | D:5      | Found a sparkling altar of Nemelex Xobeh.
  6087 | D:5      | Found a shimmering altar of Xom.
  6094 | D:5      | Reached XP level 8. HP: 57/57 MP: 12/19
  7168 | D:5      | Learned a level 4 spell: Airstrike
  7527 | D:6      | Found a radiant altar of Vehumet.
  7528 | D:6      | Found a glowing silver altar of Zin.
  7584 | D:6      | Found an ancient bone altar of Kikubaaqudgha.
  7639 | D:6      | Reached skill level 8 in Spellcasting
  7700 | D:6      | Found a runed translucent door.
  7701 | D:6      | Noticed Crazy Yiuf
  7719 | D:6      | Killed Crazy Yiuf
  7882 | D:6      | Found an ornate altar of the Wu Jian Council.
  7882 | D:6      | Found a bloodstained altar of Trog.
  7885 | D:6      | Found a snail-covered altar of Cheibriados.
  7962 | D:6      | Noticed Blork the orc
  7970 | D:6      | Killed Blork the orc
  8248 | D:6      | Noticed Edmund
  8254 | D:6      | Noticed Menkaure
  8258 | D:6      | Killed Edmund
  8259 | D:6      | Reached XP level 9. HP: 53/65 MP: 15/21
  8552 | D:6      | Killed Menkaure
  8692 | D:6      | Found a staircase to the Ecumenical Temple.
  8838 | Temple   | Entered the Ecumenical Temple
  8893 | Temple   | Became a worshipper of Sif Muna the Loreminder
  9021 | D:6      | Learned a level 4 spell: Cause Fear
 10194 | D:7      | Reached skill level 5 in Invocations
 11128 | D:7      | Reached XP level 10. HP: 72/73 MP: 16/22
 11233 | D:7      | Reached * piety under Sif Muna
 11771 | D:8      | Reached skill level 5 in Fighting
 11771 | D:8      | Reached skill level 5 in Short Blades
 11771 | D:8      | Reached skill level 5 in Long Blades
 11771 | D:8      | Reached skill level 5 in Axes
 11771 | D:8      | Reached skill level 5 in Maces & Flails
 11771 | D:8      | Reached skill level 5 in Polearms
 11771 | D:8      | Reached skill level 5 in Staves
 11771 | D:8      | Reached skill level 5 in Slings
 11771 | D:8      | Reached skill level 5 in Bows
 11771 | D:8      | Reached skill level 5 in Crossbows
 11771 | D:8      | Reached skill level 5 in Throwing
 11771 | D:8      | Reached skill level 5 in Armour
 11771 | D:8      | Reached skill level 5 in Shields
 11771 | D:8      | Reached skill level 5 in Unarmed Combat
 11771 | D:8      | Reached skill level 5 in Evocations
 12177 | D:8      | Identified the +6 chain mail "Ogazeum" {rN+ SInv}
 12590 | D:8      | Reached skill level 9 in Spellcasting
 13194 | D:9      | Found a flagged portal.
 13318 | Bailey   | Entered a bailey
 13364 | Bailey   | Reached skill level 5 in Conjurations
 13364 | Bailey   | Reached skill level 5 in Summonings
 13364 | Bailey   | Reached skill level 5 in Translocations
 14735 | Bailey   | Reached ** piety under Sif Muna
 15829 | Bailey   | Identified the +7 bardiche of Gyloe {drain, Drain Str+3
                  | Int+4}
 16133 | D:9      | Reached XP level 11. HP: 79/81 MP: 18/24
 16151 | D:9      | Reached skill level 5 in Hexes
 16151 | D:9      | Reached skill level 5 in Necromancy
 16151 | D:9      | Reached skill level 5 in Transmutations
 16151 | D:9      | Reached skill level 5 in Fire Magic
 16151 | D:9      | Reached skill level 5 in Ice Magic
 16151 | D:9      | Reached skill level 5 in Air Magic
 16151 | D:9      | Reached skill level 5 in Earth Magic
 16151 | D:9      | Reached skill level 5 in Poison Magic
 16891 | D:9      | HP: 4/81 [something (14)]
 17369 | D:9      | Found a broken altar of Ashenzari.
 17550 | D:9      | Found a shadowy altar of Dithmenos.
 17876 | D:9      | Found a basalt altar of Yredelemnul.
 18108 | D:10     | Entered Level 10 of the Dungeon
 18138 | D:10     | Found Ygorphun's General Store.
 18163 | D:10     | Found a staircase to the Lair.
 18163 | D:10     | Noticed an oklob plant
 18293 | D:10     | Noticed an oklob plant
 18462 | D:10     | Noticed a manticore
 18922 | D:10     | Killed a manticore
 18966 | D:10     | Reached *** piety under Sif Muna
 19424 | D:11     | Found Irun's Assorted Antiques.
 19424 | D:11     | Noticed Nergalle
 19437 | D:11     | Noticed a boulder beetle
 19547 | D:11     | Noticed a green ugly thing
 19558 | D:11     | Killed a green ugly thing
 19710 | D:11     | Found a gate leading to a gauntlet.
 19804 | Gauntlet | Entered a Gauntlet
 19804 | Gauntlet | Found a large runed translucent door.
 19804 | Gauntlet | Found a large runed translucent door.
 19804 | Gauntlet | Found a large runed translucent door.
 19804 | Gauntlet | Found a large runed translucent door.
 19804 | Gauntlet | Found a large runed translucent door.
 19804 | Gauntlet | Found a large runed translucent door.
 19804 | Gauntlet | Found a large runed translucent door.
 19804 | Gauntlet | Found a large runed translucent door.
 19804 | Gauntlet | Found a runed translucent door.
 19804 | Gauntlet | Found a runed translucent gate.
 19804 | Gauntlet | Found a transporter.
 19804 | Gauntlet | Found a transporter.
 19804 | Gauntlet | Found a runed translucent gate.
 19804 | Gauntlet | Found a transporter.
 19806 | Gauntlet | Found a transporter.
 19806 | Gauntlet | Noticed a cacodemon
 19808 | Gauntlet | Found a transporter.
 19822 | Gauntlet | Found a transporter.
 19884 | Gauntlet | Found a runed translucent door.
 19885 | Gauntlet | Found a large runed translucent door.
 19885 | Gauntlet | Found a large runed translucent door.
 19885 | Gauntlet | Found a large runed translucent door.
 19885 | Gauntlet | Found a large runed translucent door.
 19886 | Gauntlet | Found a large runed translucent door.
 19886 | Gauntlet | Found a large runed translucent door.
 19887 | Gauntlet | Found a large runed translucent door.
 19887 | Gauntlet | Found a large runed translucent door.
 19891 | Gauntlet | Found a transporter.
 19896 | Gauntlet | Found a runed translucent gate.
 19904 | Gauntlet | Found a transporter.
 19904 | Gauntlet | Noticed a sixfirhy
 19919 | Gauntlet | Found a transporter.
 19932 | Gauntlet | Found a transporter.
 19932 | Gauntlet | Noticed a soul eater
 19945 | Gauntlet | Found a transporter.
 19951 | Gauntlet | Found a transporter.
 19966 | Gauntlet | Noticed a necromancer
 20173 | Gauntlet | Killed a sixfirhy
 20372 | Gauntlet | Killed a necromancer
 20374 | Gauntlet | Reached skill level 10 in Spellcasting
 20374 | Gauntlet | Reached XP level 12. HP: 81/89 MP: 19/26
 20448 | Gauntlet | Noticed a minotaur
 20482 | Gauntlet | Killed a minotaur
 20516 | Gauntlet | Got the Catalogue of Excruciating Shape Shifting
 20791 | D:11     | Killed Nergalle
 20849 | D:11     | Found Yxuhis's Magic Scroll Emporium.
 20890 | D:11     | Found a staircase to the Orcish Mines.
 20929 | D:11     | Found Seywaim's Distillery.
 21389 | D:12     | Noticed a two-headed ogre
 21460 | D:12     | Killed a two-headed ogre
 21563 | D:12     | Identified 2 scrolls of acquirement
 21591 | D:12     | Acquired 1286 gold pieces
 21593 | D:12     | Acquired the ring "Oforent" {MP+9 Dex+4}
 21878 | D:12     | Reached **** piety under Sif Muna
 21886 | D:12     | Noticed Psyche
 21894 | D:12     | Killed Psyche
 22345 | D:12     | Noticed a four-headed hydra
 22535 | D:13     | Identified the +4 hand axe of the Madman {holy, *Noise
                  | rPois rCorr}
 22681 | D:13     | Noticed a two-headed ogre
 22870 | D:13     | Killed a two-headed ogre
 23142 | D:13     | Noticed a two-headed ogre
 23151 | D:13     | Killed a two-headed ogre
 23281 | D:13     | Noticed a centaur warrior
 23288 | D:13     | Killed a centaur warrior
 23402 | D:14     | Noticed a six-headed hydra
 23414 | D:14     | Noticed a centaur warrior
 23508 | D:14     | Reached XP level 13. HP: 97/98 MP: 14/27
 23808 | Orc:1    | Entered Level 1 of the Orcish Mines
 24093 | Orc:1    | Found a transporter.
 24094 | Orc:1    | Noticed Oruetys's ghost (journeyman FoFi)
 24102 | Orc:1    | Found a transporter.
 24229 | Orc:2    | Entered Level 2 of the Orcish Mines
 24538 | Orc:2    | Noticed CurlyBrace's ghost (journeyman FeEn)
 24553 | Orc:2    | Noticed a minotaur
 24568 | Orc:2    | Found a runed translucent gate.
 24568 | Orc:2    | Found a runed translucent gate.
 24568 | Orc:2    | Found a runed translucent gate.
 25385 | Orc:2    | Reached ***** piety under Sif Muna
 25990 | Orc:2    | Received a gift from Sif Muna
 25993 | Orc:2    | Got Sif Muna's Disquisition on Bewitchment and Poison {god
                  | gift}
 26403 | Orc:2    | Found a staircase to the Elven Halls.
 26476 | Orc:2    | Found Vurchec's General Store.
 26476 | Orc:2    | Found Plog's General Store.
 26477 | Orc:2    | Found Vooson's Antique Weapon Shoppe.
 26513 | Orc:2    | Found Uxtod's Book Emporium.
 27139 | Lair:1   | Entered Level 1 of the Lair of Beasts
 27148 | Lair:1   | Gained mutation: You are strong-willed. (Will+) [potion of
                  | mutation]
 27148 | Lair:1   | Gained mutation: You possess an exceptional clarity of
                  | mind. [potion of mutation]
 27148 | Lair:1   | Gained mutation: You are agile. (Dex +2) [potion of
                  | mutation]
 27148 | Lair:1   | Gained mutation: You are covered in fur. (AC +1) [potion of
                  | mutation]
 27330 | Lair:1   | Reached skill level 11 in Spellcasting
 28101 | Lair:1   | Learned a level 5 spell: Lightning Bolt
 28130 | Lair:2   | Found a staircase to the Swamp.
 29177 | Lair:2   | Found a staircase to the Snake Pit.
 29838 | Lair:3   | Reached skill level 10 in Dodging
 29843 | Lair:3   | Reached XP level 14. HP: 106/106 MP: 10/29
 30088 | Lair:3   | Found a transporter.
 30089 | Lair:3   | Noticed Nieclary's ghost (journeyman TrTm)
 30101 | Lair:3   | Found a transporter.
 30123 | Lair:3   | Learned a level 5 spell: Iskenderun's Battlesphere
 31099 | Lair:4   | Reached skill level 10 in Stealth
 31132 | Lair:3   | Received a gift from Sif Muna
 31137 | Lair:3   | Got Sif Muna's Tome of Companions and Heat {god gift}
 31599 | Lair:4   | Noticed a dire elephant
 31611 | Lair:4   | Reached skill level 10 in Invocations
 31623 | Lair:4   | Killed a dire elephant
 33012 | Lair:5   | Noticed Rupert
 33359 | Lair:5   | Learned a level 6 spell: Iron Shot
 33445 | Lair:5   | Noticed Urug
 33789 | Lair:5   | Killed Rupert
 33790 | Lair:5   | Reached skill level 12 in Spellcasting
 33790 | Lair:5   | Reached XP level 15. HP: 111/115 MP: 20/31
 34012 | Lair:5   | Killed Urug
 34058 | Lair:6   | Entered Level 6 of the Lair of Beasts
 34213 | Lair:6   | Received a gift from Sif Muna
 34235 | Lair:6   | Got Sif Muna's Compendium of Unstable Ignition {god gift}
 34509 | Lair:6   | Reached skill level 10 in Fighting
 34509 | Lair:6   | Reached skill level 10 in Short Blades
 34509 | Lair:6   | Reached skill level 10 in Long Blades
 34509 | Lair:6   | Reached skill level 10 in Axes
 34509 | Lair:6   | Reached skill level 10 in Maces & Flails
 34509 | Lair:6   | Reached skill level 10 in Polearms
 34509 | Lair:6   | Reached skill level 10 in Staves
 34509 | Lair:6   | Reached skill level 10 in Slings
 34509 | Lair:6   | Reached skill level 10 in Bows
 34509 | Lair:6   | Reached skill level 10 in Crossbows
 34509 | Lair:6   | Reached skill level 10 in Throwing
 34509 | Lair:6   | Reached skill level 10 in Armour
 34509 | Lair:6   | Reached skill level 10 in Shields
 34509 | Lair:6   | Reached skill level 10 in Unarmed Combat
 34509 | Lair:6   | Reached skill level 10 in Evocations
 34983 | Lair:6   | Identified the ring "Kadit" {+Blink Fly}
 35078 | Lair:6   | Found a staircase to the Slime Pits.
 35079 | Lair:6   | Found a viscous altar of Jiyva.
 35363 | Lair:6   | Received a gift from Sif Muna
 35377 | Lair:6   | Got Sif Muna's Grimoire of Sinister Magic and the Rocks
                  | {god gift}
 35595 | Lair:6   | Found a shimmering altar of Xom.
 35894 | Elf:1    | Entered Level 1 of the Elven Halls
 35931 | Elf:1    | Found a crumbling gateway.
 35948 | Elf:1    | Learned a level 5 spell: Borgnjor's Vile Clutch
 36017 | Desolati | Entered the Desolation of Salt
 36310 | Desolati | Noticed an imperial myrmidon
 36458 | Desolati | Killed an imperial myrmidon
 36575 | Desolati | Identified the +5 battleaxe of Wikkot {holy, Will+}
 36579 | Desolati | Identified the amulet "Geyjofin" {RegenMP rPois Regen+}
 36629 | Desolati | Noticed an imperial myrmidon
 36683 | Desolati | Identified the +7 plate armour of Curiosity {rElec rPois
                  | Dex+2}
 36700 | Desolati | Slain by a molten gargoyle

Illustrated notes

Levels and vault maps discovered:
D:1:      dpeg_arrival_orchard, layout_basic, minmay_tetromino_t4
D:2:      minmay_chambers_of_twos, layout_rooms,
          hellmonk_ecumenical_altar_run_dry, basic_altar
D:3:      layout_loops_corners, fedhas_ov_isle_minmay
D:4:      layout_rooms, uniq_sigmund
D:5:      layout_loops_corners, mainiacjoe_overflow_large_starburst
D:6:      layout_loops_ring, mainiacjoe_overflow_paths,
          chequers_temple_overflow_statue_of_worship,
          lemuel_mausoleum_altar_kikubaaqudgha,
          minmay_temple_entry_drinking_statues, uniq_blork_the_orc,
          uniq_menkaure, uniq_edmund, uniq_crazy_yiuf_cottage
D:7:      layout_loops_corners
D:8:      layout_rooms, serial_bayou_lagoon_a, kennysheep_another_room
D:9:      layout_roguey [special_room_bee], lemuel_zombie_altar_yredelemnul,
          ashenzari_conservatory_becter, nicolae_overflow_hidden_temple,
          enter_bailey_4, chequers_serial_rivers_room_b,
          kennysheep_generic_room_10
D:10:     layout_roguey, dpeg_oklobed_lair, serial_shops, kennysheep_mini,
          chequers_serial_rivers_micro_c
D:11:     layout_irregular_city, orc_0_dummy, gauntlet_entry_generic,
          serial_shops, shop, kennysheep_little_box, kennysheep_mini_moat,
          grunt_ministairs_12, uniq_nergalle
D:12:     minmay_the_grid_triangle_9x9_line_8_mashed
          [minmay_the_grid_triangle_9x9_pentomino_pain,
          minmay_the_grid_triangle_9x9_subtriangle,
          minmay_the_grid_triangle_9x9_dagger,
          minmay_the_grid_triangle_9x9_longest,
          minmay_the_grid_triangle_9x9_odd_lines,
          minmay_the_grid_triangle_9x9_zippers_vertical,
          minmay_the_grid_triangle_9x9_shrine,
          minmay_the_grid_triangle_9x9_prize_center], layout_rooms, uniq_psyche
D:13:     layout_rooms
D:14:     layout_basic, david_vaults_4, grunt_qazlal_clouds,
          minmay_mirror_moons_of_madness
Temple:   jpeg_temple_alley_garden
Lair:1:   layout_long_grid, wad_woods_river_04
Lair:2:   layout_gridlike, swamp_mist, guppyfry_snake_entry_garden
Lair:3:   layout_roguey, gammafunk_ghost_berserking_beasts, roderic_carrion_pond
Lair:4:   beast_lair_carwin_large_3, layout_small_grid,
          grunt_forest_large_clearing_hut
Lair:5:   layout_long_grid, grunt_megastairs_2, uniq_rupert, uniq_urug
Lair:6:   minmay_lair_end_enchanted_forest, layout_loops_ring, slime_altar_1,
          st_stairs_8, serial_bayou_pond_a, lemuel_centaur_altar
Orc:1:    layout_caves, gammafunk_ghost_smash
Orc:2:    st_orc_mages, layout_caves, maelrawn_ghost_gauntlet_escape
Elf:1:    layout_loops_corners, portal_desolation_entry_twin_temple,
          serial_shops, nicolae_shop_waterfront, hangedman_elf_represent
Desolation

Skill      XL: |  1  2  3  4  5  6  7  8  9 10 11 12 13 14 15 |
---------------+----------------------------------------------+-----
Conjurations   | 2 3 4 5 6 7 8 9 |  9.1
Summonings     | 2 3 4 5 6 7 8 9 |  9.1
Translocations | 2 3 4 5 6 7 8 9 |  9.1
Invocations    | 1 2 3 4 5 6 7 8 9 10 11 | 11.4
Fighting       | 1 2 3 4 5 6 7 8 9 10 | 10.5
Short Blades   | 1 2 3 4 5 6 7 8 9 10 | 10.5
Long Blades    | 1 2 3 4 5 6 7 8 9 10 | 10.5
Axes           | 1 2 3 4 5 6 7 8 9 10 | 10.5
Maces & Flails | 1 2 3 4 5 6 7 8 9 10 | 10.5
Polearms       | 1 2 3 4 5 6 7 8 9 10 | 10.5
Staves         | 1 2 3 4 5 6 7 8 9 10 | 10.5
Slings         | 1 2 3 4 5 6 7 8 9 10 | 10.5
Bows           | 1 2 3 4 5 6 7 8 9 10 | 10.5
Crossbows      | 1 2 3 4 5 6 7 8 9 10 | 10.5
Throwing       | 1 2 3 4 5 6 7 8 9 10 | 10.5
Armour         | 1 2 3 4 5 6 7 8 9 10 | 10.5
Shields        | 1 2 3 4 5 6 7 8 9 10 | 10.5
Unarmed Combat | 1 2 3 4 5 6 7 8 9 10 | 10.5
Evocations     | 1 2 3 4 5 6 7 8 9 10 | 10.5
Hexes          | 1 2 3 4 5 6 7 8 |  8.8
Necromancy     | 1 2 3 4 5 6 7 8 |  8.8
Transmutations | 1 2 3 4 5 6 7 8 |  8.8
Fire Magic     | 1 2 3 4 5 6 7 8 |  8.8
Ice Magic      | 1 2 3 4 5 6 7 8 |  8.8
Air Magic      | 1 2 3 4 5 6 7 8 |  8.8
Earth Magic    | 1 2 3 4 5 6 7 8 |  8.8
Poison Magic   | 1 2 3 4 5 6 7 8 |  8.8
Dodging        | 5 6 7 8 9 10 11 | 11.4
Stealth        | 5 6 7 8 9 10 11 | 11.3
Spellcasting   | 8 9 10 11 12 | 12.6

Action                   |  1- 3 |  4- 6 |  7- 9 | 10-12 | 13-15 || total
-------------------------+-------+-------+-------+-------+-------++-------
Melee: Dagger            |    44 |       |       |       |       ||    44
       Bite              |     4 |     1 |    39 |    25 |    94 ||   163
       Spear             |     3 |     6 |       |    86 |       ||    95
       Punch             |       |     1 |       |     2 |     9 ||    12
       Hand axe          |       |    28 |       |       |   110 ||   138
       Short sword       |       |       |   120 |       |       ||   120
       Mace              |       |       |   193 |   116 |     5 ||   314
       Quarterstaff      |       |       |     8 |       |       ||     8
       Falchion          |       |       |    23 |     6 |       ||    29
       Bardiche          |       |       |       |   171 |   659 ||   830
       Trident           |       |       |       |       |    99 ||    99
       Eveningstar       |       |       |       |       |    44 ||    44
 Cast: Magic Dart        |    98 |   132 |    92 |    77 |    37 ||   436
       Blink             |       |     1 |     1 |     2 |     5 ||     9
       Mephitic Cloud    |       |     3 |    17 |    77 |   169 ||   266
       Airstrike         |       |       |    11 |   204 |   224 ||   439
       Cause Fear        |       |       |       |     1 |     9 ||    10
       Lightning Bolt    |       |       |       |       |    31 ||    31
       Iskenderun's Batt |       |       |       |       |    33 ||    33
       Iron Shot         |       |       |       |       |    36 ||    36
       Borgnjor's Vile C |       |       |       |       |     1 ||     1
Evoke: Wand              |       |       |       |     6 |     2 ||     8
       Phantom mirror    |       |       |       |       |     1 ||     1
  Use: Scroll            |       |     3 |       |    19 |    15 ||    37
       Potion            |       |     1 |       |     4 |     2 ||     7
 Stab: Sleeping          |       |     1 |    10 |     4 |     3 ||    18
       Confused          |       |     1 |    11 |    33 |   114 ||   159
       Distracted        |       |       |       |     1 |       ||     1
       Petrifying        |       |       |       |       |     1 ||     1
       Petrified         |       |       |       |       |     1 ||     1
       Paralysed         |       |       |       |       |     2 ||     2
Armor: Robe              |    17 |    14 |    73 |    46 |       ||   150
       Troll leather arm |       |       |       |    80 |   313 ||   393
Dodge: Dodged            |    53 |    43 |   168 |   341 |   840 ||  1445
Block: Buckler           |       |       |    36 |    22 |       ||    58
       Kite shield       |       |       |       |       |    80 ||    80

Table legend: (Time is in decaauts)
 A = Elapsed time spent in this place.
 B = Non-inter-level travel time spent in this place.
 C = Inter-level travel time spent in this place.
 D = Time resting spent in this place.
 E = Time spent auto-exploring this place.
 F = Levels seen in this place.
 G = Mean time per level.
                   A        B        C        D        E       F      G
               +--------+--------+--------+--------+--------+-----+--------+
         Total |  37209 |  35997 |   1212 |  10529 |  14654 |  27 | 1378.1 |
       Dungeon |  20836 |  20215 |    621 |   6432 |   8898 |  14 | 1488.3 |
        Temple |     84 |     84 |      0 |      0 |      0 |   1 |   84.0 |
          Lair |   8919 |   8459 |    460 |   1132 |   4040 |   6 | 1486.5 |
  Orcish Mines |   3047 |   2917 |    130 |    892 |   1285 |   2 | 1523.5 |
   Elven Halls |    122 |    122 |      0 |     43 |      0 |   1 |  122.0 |
        Bailey |   2787 |   2787 |      0 |   1615 |    409 |   1 | 2787.0 |
    Desolation |    685 |    685 |      0 |    212 |      0 |   1 |  685.0 |
      Gauntlet |    724 |    724 |      0 |    203 |     21 |   1 |  724.0 |
               +--------+--------+--------+--------+--------+-----+--------+

Top non-repeatable levels by time:
  Bailey: 2787 daAuts
     D:9: 2394 daAuts
   Orc:2: 2282 daAuts
     D:6: 2228 daAuts
     D:7: 2082 daAuts
  Lair:4: 1945 daAuts
  Lair:3: 1785 daAuts
     D:5: 1753 daAuts
    D:10: 1715 daAuts
     D:1: 1649 daAuts
  Lair:6: 1573 daAuts
     D:3: 1487 daAuts
  Lair:2: 1486 daAuts
     D:2: 1404 daAuts
    D:11: 1391 daAuts
